AoeStats
← Valius

Yucatan

503341194Analyzed
4v4 RM · 1mo ago on Aug 31, 2026· 40m 6s· 8 players
Game mode
Random Map
Map size
Large (8 player)
Population
200
Speed
Normal
Resources
Standard
Victory
Conquest
Starting age
Dark Age
Ending age
Imperial Age
RankedLock teamsTeams togetherTeam positionsShared explorationLock speedFull tech treeHidden civsTurbo modeCheats
Victory
Defeat
🇦🇷 Huns · Argentina
814
+12
🇰🇿 Jurchens · Kazakhstan
748
+15
🇨🇳 Ethiopians · China
741
+15
🇨🇳 Franks · China
740
+15
🇦🇺 Gurjaras · Australia
807
-18
🇦🇺 Khmer · Australia
757
-16
🇺🇸 Slavs · United States
669
-12
🇨🇱 Vietnamese · Chile
668
-23
Valius
0:34 Loom
13:01 Feudal Age
17:38 Castle Age
16:26 Double-Bit Axe
16:39 Gold Mining
19:13 Padded Archer Armor
19:07 Horse Collar
19:39 Bow Saw
23:01 Leather Archer Armor
25:09 Gold Shaft Mining
27:29 Wheelbarrow
26:56 Heavy Plow
29:03 Stone Mining
30:13 Squires
30:41 Ballistics
30:29 Siege Engineers
35:54 Imperial Age
36:56 Conscription
36:47 Thunderclap Bombs
39:35 Ring Archer Armor
蒸汽机器人
1:47 Loom
11:34 Feudal Age
12:16 Double-Bit Axe
14:08 Horse Collar
16:43 Bloodlines
17:45 Man-at-Arms
22:11 Castle Age
21:13 Gold Mining
21:19 Stone Mining
23:38 Gold Shaft Mining
23:51 Heavy Plow
25:50 Town Watch
26:38 Forging
27:35 Scale Barding Armor
29:54 Wheelbarrow
34:22 Ballistics
34:00 Murder Holes
37:10 Imperial Age
35:52 Chain Barding Armor
38:25 Hand Cart
38:25 Bow Saw
40:28 Plate Barding Armor
40:28 Iron Casting
39:57 Husbandry
40:40 Conscription
Pay It Forward
2:45 Loom
11:24 Feudal Age
17:02 Castle Age
15:33 Double-Bit Axe
21:04 Gold Mining
21:58 Fortified Wall
23:04 Bow Saw
23:37 Gold Shaft Mining
22:53 Stone Mining
26:06 Husbandry
27:55 Wheelbarrow
29:41 Fishing Lines
31:39 Gillnets
32:32 Hand Cart
32:08 Town Watch
33:17 Scale Barding Armor
35:24 Chain Barding Armor
35:14 Forging
35:15 Gillnets
36:24 Caravan
39:34 Imperial Age
38:19 Iron Casting
39:38 Cavalier
41:01 Plate Barding Armor
41:26 Blast Furnace
天坛奇人
5:22 Loom
11:45 Feudal Age
16:15 Castle Age
14:53 Double-Bit Axe
16:06 Horse Collar
17:14 Bow Saw
18:43 Gold Mining
21:27 Heavy Plow
21:45 Fletching
21:58 Padded Archer Armor
22:52 Stone Mining
22:46 Crossbowman
26:01 Wheelbarrow
26:49 Thumb Ring
28:01 Bodkin Arrow
29:17 Leather Archer Armor
30:22 Gold Shaft Mining
30:16 Hand Cart
31:15 Stone Shaft Mining
31:30 Forging
31:21 Scale Mail Armor
36:01 Imperial Age
34:05 Town Watch
35:34 Ballistics
35:52 Iron Casting
35:32 Chain Mail Armor
36:22 Town Patrol
36:22 Arbalester
37:27 Conscription
37:20 Bracer
38:20 Blast Furnace
37:51 Ring Archer Armor
38:53 Two-Man Saw
38:32 Plate Mail Armor
39:10 Chemistry
38:15 Siege Engineers
38:23 Masonry
thongvipusa1
13:48 Loom
27:17 Feudal Age
29:26 Double-Bit Axe
29:23 Horse Collar
29:36 Gold Mining
29:36 Stone Mining
30:54 Stone Mining
32:48 Wheelbarrow
37:39 Castle Age
youngwhite9991
20:04 Feudal Age
24:31 Wheelbarrow
23:46 Double-Bit Axe
29:23 Stone Mining
29:24 Gold Mining
33:55 Town Watch
35:02 Horse Collar
40:36 Castle Age
39:00 Forging
38:41 Fletching
38:51 Scale Mail Armor
38:52 Padded Archer Armor
38:58 Scale Barding Armor
SmallPP4000
12:59 Feudal Age
13:41 Double-Bit Axe
15:56 Gold Mining
18:46 Wheelbarrow
17:57 Town Watch
20:43 Fishing Lines
24:13 Castle Age
22:02 Horse Collar
24:37 Stone Mining
24:47 Arson
27:16 Scale Barding Armor
27:11 Scale Mail Armor
28:27 Bow Saw
28:21 Heavy Plow
29:00 Gold Shaft Mining
Kivado
12:55 Feudal Age
13:44 Double-Bit Axe
15:05 Horse Collar
21:19 Gold Mining
21:20 Stone Mining
25:19 Castle Age
27:07 Crossbowman
Connection lost

Rejoining the realm…

Still unreachable

The connection could not be restored.

Session expired

The server has moved on; the page needs a fresh start.